[Event "Team 45 45 League T43"]
[Site "Internet Chess Club"]
[Date "2009.11.07"]
[Round "2"]
[White "Salvatore"]
[Black "Kurukshetra"]
[Result "1/2-1/2"]
[WhiteElo "1651"]
[BlackElo "1686"]
[Opening "Trompowsky attack (Ruth, Opocenský opening)"]
[ECO "A45"]
[Time "18:00:19"]
[TimeControl "2700+45"]

1. d4 Nf6 2. Bg5 e6 3. e4 Be7 4. Bd3 b6 5. Nf3 Bb7 6. Nbd2 h6 7. Bh4 Nc6 8. c3
d6 9. O-O g5 10. Bg3 Qd7 11. Bb5 a6 12. Ba4 b5 13. Bc2 O-O-O 14. Re1 Nh5 15. Nf1
Nxg3 16. Nxg3 g4 17. Nd2 h5 18. d5 Ne5 19. a4 exd5 20. exd5 Bxd5 21. axb5 Qxb5
22. c4 Bxc4 23. Nxc4 Qxc4 24. b3 Qb5 25. Bf5+ Kb8 26. Ne4 Nf3+ 27. gxf3 Qxf5 28.
Rxa6 gxf3 29. Ng3 Qb5 30. Ra4 h4 31. Qxf3 d5 32. Nf5 Rhg8+ 33. Kh1 Bc5 34. Rea1
Kb7 35. b4 Bb6 36. Ne7 Rge8 37. Nf5 Ra8 38. Rxa8 Rxa8 39. Rd1 Ra2 40. Ne3 Bxe3
41. fxe3 c6 42. Qxf7+ Kb6 43. Qf8 Rxh2+ 44. Kg1 Rg2+ 45. Kh1 Rh2+ 46. Kg1 Rg2+
47. Kh1 {Game drawn by mutual agreement} 1/2-1/2

[Event "Team 45 45 League T43"]
[Site "Internet Chess Club"]
[Date "2009.11.13"]
[Round "2"]
[White "Ianjo"]
[Black "MOchess-boy"]
[Result "1-0"]
[WhiteElo "1912"]
[BlackElo "1824"]
[Opening "English: four knights, kingside fianchetto"]
[ECO "A29"]
[Time "17:00:24"]
[TimeControl "2700+45"]

1. c4 e5 2. Nc3 Nc6 3. Nf3 Nf6 4. g3 g6 5. d4 exd4 6. Nxd4 Bg7 7. Bg2 O-O 8. O-O
Re8 9. Nxc6 dxc6 10. Qc2 Qd4 11. Na4 Be6 12. b3 Bf5 13. Bb2 Bxc2 14. Bxd4 Rxe2
15. Rfe1 Rxe1+ 16. Rxe1 a6 17. Nc5 Rb8 18. Bxf6 Bxf6 19. Nd7 Bc3 20. Re3 Bd4 21.
Nxb8 Bxe3 22. fxe3 Bf5 23. b4 Bc8 24. a4 Kf8 25. b5 cxb5 26. cxb5 a5 27. Bd5 Ke7
28. Kf2 f6 29. e4 Kd6 30. Ke3 Kc5 31. Bf7 Kd6 32. Kd4 Bh3 33. Bg8 f5 34. Bxh7
fxe4 35. Bxg6 e3 36. Kxe3 Ke7 37. Be4 Bc8 38. h4 {Black resigns} 1-0

[Event "Team 45 45 League T43"]
[Site "Internet Chess Club"]
[Date "2009.11.07"]
[Round "2"]
[White "Ickabod"]
[Black "jpoblano"]
[Result "1-0"]
[WhiteElo "1753"]
[BlackElo "1742"]
[Opening "Sicilian: Alapin's variation (2.c3)"]
[ECO "B22"]
[Time "16:25:26"]
[TimeControl "2700+45"]

1. e4 c5 2. c3 d5 3. exd5 Qxd5 4. Nf3 Nc6 5. Be2 Nf6 6. Na3 a6 7. O-O Bg4 8. h3
Bd7 9. Nc4 Rd8 10. Nb6 Qd6 11. Nxd7 Qxd7 12. Re1 e6 13. d3 Be7 14. Bf4 O-O 15.
Qc2 Nd5 16. Bg3 Nf6 17. Rad1 Qc8 18. Ne5 Nxe5 19. Bxe5 b5 20. c4 Nd7 21. Bc3 b4
22. Bd2 Bf6 23. Bf3 Bd4 24. Be3 e5 25. Bxd4 exd4 26. Re7 Nf6 27. Rde1 Qb8 28.
Qa4 Rfe8 29. Bc6 Rxe7 30. Rxe7 Kf8 31. Rb7 Qf4 32. g3 Qf5 33. Qxa6 Qxh3 34. Qb6
Rc8 35. Qxc5+ Kg8 36. Qe7 Qe6 37. Qxe6 fxe6 38. Bf3 e5 39. Rxb4 Kf8 40. Rb7 h6
41. b4 Ke8 42. a4 Rd8 43. Rb5 Nd7 44. Bc6 Ke7 45. Bxd7 Rxd7 46. Rxe5+ Kf6 47.
Rd5 Ke6 48. Rxd7 Kxd7 49. Kg2 {Black resigns} 1-0

[Event "Team 45 45 League T43"]
[Site "Internet Chess Club"]
[Date "2009.11.10"]
[Round "2"]
[White "LuxAeterna"]
[Black "clarinetref"]
[Result "1-0"]
[WhiteElo "1818"]
[BlackElo "1657"]
[Opening "Sicilian"]
[ECO "B50"]
[Time "23:02:02"]
[TimeControl "2700+45"]

1. e4 c5 2. Nf3 d6 3. b3 e6 4. Bb2 a6 5. a4 Nc6 6. d4 cxd4 7. Nxd4 Nf6 8. Bd3
Bd7 9. Nxc6 Bxc6 10. Nd2 Be7 11. Qe2 O-O 12. O-O Rb8 13. a5 e5 14. f4 b6 15.
fxe5 dxe5 16. Bxe5 Bc5+ 17. Kh1 Bd4 18. Bxb8 Bxa1 19. Rxa1 Qd4 20. Re1 Rxb8 21.
axb6 Rxb6 22. Nf3 Qc5 23. Qe3 Qxe3 24. Rxe3 Ng4 25. Re2 a5 26. h3 Nf6 27. Ne5
Bb5 28. c4 Be8 29. Ra2 Rxb3 30. Rxa5 Kf8 31. Ra7 Nh5 32. c5 Nf4 33. Bc4 Rb1+ 34.
Kh2 f6 35. Nf7 Rb2 36. Nd6 Rxg2+ 37. Kh1 Rd2 38. Ra8 Ke7 39. Rxe8+ Kd7 40. Bb5+
{Black resigns} 1-0

[Event "Team 45 45 League T43"]
[Site "Internet Chess Club"]
[Date "2009.11.06"]
[Round "2"]
[White "froggoathorse"]
[Black "ElMarginal"]
[Result "1/2-1/2"]
[WhiteElo "1606"]
[BlackElo "1449"]
[Opening "Scandinavian (center counter) defense"]
[ECO "B01"]
[Time "20:29:48"]
[TimeControl "2700+45"]

1. e4 d5 2. exd5 Qxd5 3. Nc3 Qa5 4. d4 Nf6 5. Bd2 c6 6. Ne4 Qf5 7. Nxf6+ Qxf6 8.
Nf3 Bg4 9. c3 Nd7 10. Be2 e6 11. Bg5 Qg6 12. Qd2 Qe4 13. O-O Qd5 14. c4 Qd6 15.
Bf4 Qe7 16. Rfe1 Qd8 17. d5 cxd5 18. cxd5 Be7 19. Qc3 O-O 20. d6 Bf6 21. Qc7 Qc8
22. Bb5 Rd8 23. Rac1 Nb6 24. d7 Qxc7 25. Bxc7 Rf8 26. Bxb6 axb6 27. Rc2 Bf5 28.
Rc7 Rxa2 29. Rxb7 Rxb2 30. Bc6 Rd8 31. Rc7 Kf8 32. Kf1 Bd3+ 33. Kg1 Ke7 34. g3
b5 35. Re3 Rb1+ 36. Kg2 Bf1+ 37. Kg1 Bc4+ 38. Re1 Rxe1+ 39. Nxe1 Be5 40. Rb7 Kd6
41. Bxb5 Bxb5 42. Rxb5 Rxd7 43. Nf3 Bf6 44. Ng5 Kc6 45. Ra5 h6 46. Ne4 Bd8 47.
Rc5+ Kb6 48. Kf1 f5 49. Re5 fxe4 50. Rxe6+ Kc5 51. Rxe4 Bf6 52. Ke2 Rd4 53. Ke3
Rd1 54. Kf4 Rh1 55. h4 h5 56. Kf5 Rd1 57. Kg6 Rd5 58. Rf4 Kd6 59. Rf5 Bd4 60.
Rxh5 Bxf2 61. Rxd5+ Kxd5 62. Kxg7 Bxg3 63. h5 {Game drawn by mutual agreement}
1/2-1/2

[Event "Team 45 45 League T43"]
[Site "Internet Chess Club"]
[Date "2009.11.04"]
[Round "2"]
[White "fledermaus"]
[Black "Gregorio"]
[Result "0-1"]
[WhiteElo "2092"]
[BlackElo "2052"]
[Opening "English opening"]
[ECO "A05"]
[Time "20:46:27"]
[TimeControl "2700+45"]

1. Nf3 Nf6 2. c4 b6 3. Nc3 Bb7 4. Qc2 c5 5. e4 d6 6. d3 g6 7. g3 Bg7 8. Bg2 O-O
9. O-O Nc6 10. b3 Ng4 11. Bb2 f5 12. Nd5 fxe4 13. dxe4 e6 14. Bxg7 Kxg7 15. Qc3+
Kg8 16. Nf4 Qe7 17. Bh3 e5 18. Nd5 Qd7 19. Qd3 Rad8 20. Ne1 Nxf2 21. Bxd7 Nxd3
22. Be6+ Kg7 23. Nxd3 Nd4 24. Bh3 Nf3+ 25. Kg2 Ng5 26. Rxf8 Rxf8 27. Re1 b5 28.
Bg4 bxc4 29. bxc4 Ba6 30. h4 Bxc4 31. Nb2 Bxd5 32. exd5 Nf7 33. Nc4 Rb8 34. Re2
Rb4 35. Rc2 Kf6 36. Be6 Nd8 37. Nxd6 Nxe6 38. dxe6 Kxe6 39. Nc4 Kd5 40. Ne3+ Ke4
41. Kf2 Kd3 42. Rxc5 Rb2+ 43. Kf3 e4+ 44. Kf4 Rf2+ 45. Ke5 Kxe3 46. g4 Rxa2 47.
Rc3+ Kd2 48. Rh3 e3 {White resigns} 0-1

[Event "Team 45 45 League T43"]
[Site "Internet Chess Club"]
[Date "2009.11.04"]
[Round "2"]
[White "Phosphorus"]
[Black "jonesey"]
[Result "0-1"]
[WhiteElo "1869"]
[BlackElo "2018"]
[Opening "KGD: classical, 4.c3"]
[ECO "C30"]
[Time "15:07:13"]
[TimeControl "2700+45"]

1. e4 e5 2. f4 Bc5 3. Nf3 d6 4. c3 Nf6 5. d4 exd4 6. cxd4 Bb6 7. Nc3 O-O 8. e5
dxe5 9. fxe5 Nd5 10. Bg5 Nxc3 11. bxc3 Qd5 12. Bd3 Bg4 13. O-O Nc6 14. Qc2 h6
15. Be4 Qc4 16. Be3 f6 17. Nh4 Nxe5 18. Rae1 f5 19. Nxf5 Bxf5 20. Bxf5 Nc6 21.
Bxh6 Nxd4 22. Bh7+ Kh8 23. Bxg7+ Kxg7 24. Qg6+ Kh8 25. Rf6 Nf3+ 26. Kh1 {White
resigns} 0-1

[Event "Team 45 45 League T43"]
[Site "Internet Chess Club"]
[Date "2009.11.08"]
[Round "2"]
[White "smitty120"]
[Black "Matusalen"]
[Result "0-1"]
[WhiteElo "1929"]
[BlackElo "2033"]
[Opening "Caro-Kann: two knights variation"]
[ECO "B10"]
[Time "20:08:06"]
[TimeControl "2700+45"]

1. e4 c6 2. Nf3 d5 3. Nc3 dxe4 4. Nxe4 Nd7 5. d4 Ngf6 6. Ng3 e6 7. Bd3 c5 8. c3
cxd4 9. cxd4 Bb4+ 10. Bd2 Be7 11. O-O O-O 12. Rc1 Nb6 13. Re1 Nbd5 14. Ne5 Nb4
15. Qb3 Nxd3 16. Qxd3 Bd7 17. Ne4 Rc8 18. Rxc8 Bxc8 19. Re3 Nxe4 20. Qxe4 f5 21.
Qd3 Qd5 22. a3 Rd8 23. Bc3 Bf6 24. Qe2 g6 25. Nf3 b6 26. Qc2 Bb7 27. Qa4 a5 28.
h3 Bc6 29. Qc2 Kf7 30. Re5 Qd6 31. d5 Bxd5 32. Rxd5 Qxd5 33. Bxf6 Qd1+ 34. Qxd1
Rxd1+ {White resigns} 0-1

[Event "Team 45 45 League T43"]
[Site "Internet Chess Club"]
[Date "2009.11.09"]
[Round "2"]
[White "MisticKnights"]
[Black "fishhead"]
[Result "1-0"]
[WhiteElo "1918"]
[BlackElo "2013"]
[Opening "Queen's pawn game"]
[ECO "A46"]
[Time "19:10:48"]
[TimeControl "2700+45"]

1. d4 Nf6 2. Nf3 e6 3. Bf4 c5 4. Nc3 cxd4 5. Nxd4 a6 6. e4 Bb4 7. Bd3 Qa5 8. Nb3
Qh5 9. Qd2 h6 10. f3 Nc6 11. a3 e5 12. Be3 Bxc3 13. Qxc3 d5 14. exd5 Nxd5 15.
Qc5 Nxe3 16. Qxe3 O-O 17. Qe4 f5 18. Qc4+ Qf7 19. Qxf7+ Kxf7 20. Bc4+ Kf6 21.
O-O-O Kg5 22. Rd6 Rf6 23. Rhd1 Nd4 24. Rxf6 Nxb3+ 25. Bxb3 Kxf6 26. Rd8 g5 27.
Rd6+ Kg7 28. Be6 b5 29. Rd8 Bb7 30. Rxa8 Bxa8 31. Bxf5 Kf6 32. Be4 Bxe4 33. fxe4
g4 34. Kd2 a5 35. b3 Ke6 36. b4 Kd6 37. bxa5 Kc5 38. Kc3 h5 39. g3 {Black
resigns} 1-0

[Event "Team 45 45 League T43"]
[Site "Internet Chess Club"]
[Date "2009.11.07"]
[Round "2"]
[White "Merciful"]
[Black "Chessduke"]
[Result "1/2-1/2"]
[WhiteElo "1949"]
[BlackElo "2181"]
[Opening "Scandinavian: Pytel-Wade variation"]
[ECO "B01"]
[Time "12:03:11"]
[TimeControl "2700+45"]

1. e4 d5 2. exd5 Qxd5 3. Nc3 Qd6 4. d4 Nf6 5. g3 c6 6. Bg2 Bg4 7. Nge2 e6 8. O-O
Be7 9. Re1 O-O 10. a3 Qc7 11. Qd3 Bf5 12. Ne4 Nbd7 13. Nxf6+ Bxf6 14. Qb3 e5 15.
Be3 Rfe8 16. d5 Nb6 17. c4 Rad8 18. d6 Qb8 19. Nc3 {Game drawn by mutual
agreement} 1/2-1/2

[Event "Team 45 45 League T43"]
[Site "Internet Chess Club"]
[Date "2009.11.10"]
[Round "2"]
[White "upsan"]
[Black "hondocando"]
[Result "1/2-1/2"]
[WhiteElo "1738"]
[BlackElo "1913"]
[Opening "Scandinavian: Marshall variation"]
[ECO "B01"]
[Time "09:36:49"]
[TimeControl "2700+45"]

1. e4 d5 2. exd5 Nf6 3. d4 Nxd5 4. Nf3 Bf5 5. Nh4 Bd7 6. Bc4 Nb6 7. Bb3 e6 8.
Nf3 c5 9. c3 Nc6 10. Bf4 Be7 11. O-O cxd4 12. Nxd4 O-O 13. Nf3 Na5 14. Bc2 Bb5
15. Qxd8 Raxd8 16. Re1 Nd5 17. Bg3 Bd6 18. Nd4 Bxg3 19. hxg3 Bd7 20. Nd2 Nc6 21.
N2f3 Nxd4 22. Nxd4 Nf6 23. Rad1 Rfe8 24. f4 b6 25. Rd2 Bc6 26. Red1 Be4 27. Ba4
Rf8 28. Nb5 Rxd2 29. Rxd2 Bd5 30. Bb3 Ne4 31. Rd3 Nc5 32. Rd4 Bxb3 33. axb3 Nxb3
34. Rb4 Nc5 35. Nxa7 Rb8 36. Nc6 Rb7 37. Ne5 f6 38. Nc4 Nd7 39. Kf2 Kf8 40. Ke3
Ke7 41. Na5 Rc7 42. Nc4 Rc6 43. g4 e5 44. g3 g6 45. f5 g5 46. Ke4 h6 47. Kd5
Rc5+ 48. Ke4 Rc6 49. Kd5 Rc5+ 50. Ke4 b5 51. Na3 Nb6 52. Rxb5 Rxb5 53. Nxb5 Nc4
54. b4 Kd7 55. Kd3 Nb2+ 56. Kc2 Nc4 57. Kd3 Nb2+ 58. Kc2 Nc4 59. Kd3 {Game drawn
by repetition} 1/2-1/2

[Event "Team 45 45 League T43"]
[Site "Internet Chess Club"]
[Date "2009.11.07"]
[Round "2"]
[White "medsurg"]
[Black "OOB1"]
[Result "0-1"]
[WhiteElo "1433"]
[BlackElo "1585"]
[Opening "Sicilian defense"]
[ECO "B30"]
[Time "21:17:05"]
[TimeControl "2700+45"]

1. e4 c5 2. Nf3 Nc6 3. Nc3 e5 4. Bc4 h6 5. d3 a6 6. Bd5 Nge7 7. Bxc6 Nxc6 8. Nd5
d6 9. Bd2 Ne7 10. Ne3 Ng6 11. g3 Be7 12. Nd5 Be6 13. Nxe7 Nxe7 14. c4 b5 15. b3
Nc6 16. Bc3 Bh3 17. Qd2 Bg2 18. O-O-O Bxf3 {White resigns} 0-1

[Event "Team 45 45 League T43"]
[Site "Internet Chess Club"]
[Date "2009.11.09"]
[Round "2"]
[White "rd00d"]
[Black "milesotoole"]
[Result "1-0"]
[WhiteElo "1482"]
[BlackElo "1321"]
[Opening "Caro-Kann: Panov-Botvinnik attack"]
[ECO "B13"]
[Time "22:00:18"]
[TimeControl "2700+45"]

1. e4 c6 2. d4 d5 3. exd5 cxd5 4. c4 Nf6 5. Bg5 Bf5 6. Nc3 e6 7. Qb3 Qb6 8. Nf3
Be7 9. Bxf6 Bxf6 10. Qxb6 axb6 11. cxd5 Bg4 12. Be2 Bxf3 13. Bxf3 Bxd4 14. dxe6
fxe6 15. Bxb7 Ra7 16. Bf3 O-O 17. O-O Nd7 18. Bg4 Rf6 19. Nb5 Bxb2 20. Nxa7 Bxa1
21. Rxa1 Ne5 22. h3 Nd3 23. Rf1 Kf7 24. Be2 Nf4 25. Bc4 Ke7 26. Nc8+ Kd7 27.
Nxb6+ Kc6 28. g3 Kc5 29. Nd7+ {Black resigns} 1-0

[Event "Team 45 45 League T43"]
[Site "Internet Chess Club"]
[Date "2009.11.06"]
[Round "2"]
[White "Toalla"]
[Black "Jugurtha"]
[Result "0-1"]
[WhiteElo "1177"]
[BlackElo "1423"]
[Opening "French: Schlechter variation"]
[ECO "C01"]
[Time "10:00:30"]
[TimeControl "2700+45"]

1. e4 e6 2. d4 d5 3. Bd3 dxe4 4. Bxe4 Nf6 5. Bd3 c5 6. c3 Qb6 7. Nf3 Nbd7 8. O-O
Qc7 9. Nbd2 Be7 10. Re1 b6 11. Ne4 Bb7 12. Bg5 h6 13. Bxf6 Nxf6 14. Nxf6+ Bxf6
15. Be4 Bxe4 16. Rxe4 O-O-O 17. Qa4 Qd7 18. Qa6+ Qb7 19. Qxb7+ Kxb7 20. dxc5
bxc5 21. Kf1 Rhe8 22. Ke2 g5 23. Ne5 Bxe5 24. Rxe5 Kc6 25. Rd1 Rd6 26. Rxd6+
Kxd6 27. Re3 a5 28. Rd3+ Kc6 29. c4 h5 30. f3 Re7 31. h3 Rd7 32. b3 Rxd3 33.
Kxd3 Kd6 34. g4 hxg4 35. hxg4 Ke5 36. Ke3 f5 37. a3 Kd6 38. gxf5 exf5 39. f4
gxf4+ 40. Kxf4 Ke6 41. Ke3 Ke5 42. a4 f4+ 43. Kd3 f3 44. Ke3 f2 45. Kxf2 Kd4 46.
Ke2 Kc3 47. Kd1 Kxb3 48. Kd2 Kxa4 49. Kc2 Kb4 50. Kb2 a4 {White resigns} 0-1

[Event "Team 45 45 League T43"]
[Site "Internet Chess Club"]
[Date "2009.11.07"]
[Round "2"]
[White "Conjurer"]
[Black "Newcastler"]
[Result "1-0"]
[WhiteElo "1459"]
[BlackElo "1303"]
[Opening "QGD: Tartakower (Makagonov-Bondarevsky) system"]
[ECO "D58"]
[Time "16:07:17"]
[TimeControl "2700+45"]

1. d4 d5 2. c4 e6 3. Nc3 Nf6 4. Bg5 Be7 5. Nf3 h6 6. Bh4 b6 7. e3 O-O 8. Bd3 c5
9. O-O Nc6 10. a3 Ba6 11. Qa4 Bxc4 12. Bxc4 dxc4 13. Qxc6 Qe8 14. Ne5 Qxc6 15.
Nxc6 Rfe8 16. Nb5 Nd5 17. Nxe7+ Nxe7 18. Nc7 Nf5 19. Bg3 Nxg3 20. hxg3 cxd4 21.
exd4 Red8 22. Nxa8 Rxa8 23. Rfd1 Rd8 24. f4 f6 25. Rd2 Rd5 26. Rad1 a5 27. a4 g5
28. Kf2 gxf4 29. gxf4 Kg7 30. Kf3 Kg6 31. g4 f5 32. gxf5+ Rxf5 33. Rg1+ Kf6 34.
Ke4 h5 35. Rh2 b5 36. axb5 Rxb5 37. Rg5 h4 38. Rxb5 {Black resigns} 1-0

[Event "Team 45 45 League T43"]
[Site "Internet Chess Club"]
[Date "2009.11.06"]
[Round "2"]
[White "thefranman"]
[Black "rookmaster23"]
[Result "1-0"]
[WhiteElo "1485"]
[BlackElo "1365"]
[Opening "English opening"]
[ECO "A22"]
[Time "20:00:18"]
[TimeControl "2700+45"]

1. c4 e5 2. Nc3 Nf6 3. d3 Bb4 4. a3 Bxc3+ 5. bxc3 d6 6. Qc2 O-O 7. Nf3 c5 8. e3
Re8 9. Be2 Nc6 10. O-O b6 11. e4 Rb8 12. h3 h6 13. Be3 Be6 14. Nd2 Qd7 15. Kh2
Ne7 16. f4 exf4 17. Bxf4 Ng6 18. Bg3 Ra8 19. Nf3 Re7 20. Qd2 Rae8 21. Bf2 Nh5
22. Nh4 Nxh4 23. Bxh4 g5 24. Bxh5 gxh4 25. Qxh6 Qc7 26. Qg5+ Kh8 27. Qxh4 Kg8
28. Rf3 d5+ 29. Rg3+ Kf8 30. Bf3 {Black resigns} 1-0

[Event "Team 45 45 League T43"]
[Site "Internet Chess Club"]
[Date "2009.11.06"]
[Round "2"]
[White "LeanSixSigma"]
[Black "scottrugby"]
[Result "1-0"]
[WhiteElo "1383"]
[BlackElo "1392"]
[Opening "Sicilian: Hungarian variation"]
[ECO "B34"]
[Time "13:00:43"]
[TimeControl "2700+45"]

1. e4 c5 2. Nf3 g6 3. d4 cxd4 4. Nxd4 Nc6 5. Be3 Nf6 6. Nc3 Bg7 7. Nxc6 bxc6 8.
Bd4 O-O 9. Bd3 d6 10. O-O c5 11. Bxf6 Bxf6 12. Rb1 Qa5 13. Nd5 Bg5 14. f4 Bf6
15. Nxf6+ exf6 16. f5 Qxa2 17. fxg6 fxg6 18. Qe2 Qe6 19. Bc4 Qxc4 20. Qxc4+ Kg7
21. Qd5 Ba6 22. c4 Rab8 23. Rf2 Bb7 24. Qd3 Rbe8 25. Qxd6 Bxe4 26. Re1 {Black
resigns} 1-0

[Event "Team 45 45 League T43"]
[Site "Internet Chess Club"]
[Date "2009.11.08"]
[Round "2"]
[White "Just-Jim"]
[Black "BosqueVerde"]
[Result "1-0"]
[WhiteElo "1473"]
[BlackElo "1207"]
[Opening "Giuoco Pianissimo"]
[ECO "C50"]
[Time "16:30:49"]
[TimeControl "2700+45"]

1. e4 e5 2. Nf3 Nc6 3. Bc4 Bc5 4. d3 Nf6 5. h3 d6 6. Ng5 O-O 7. Nc3 h6 8. Bxf7+
Rxf7 9. Nxf7 Kxf7 10. O-O Be6 11. Kh1 Qd7 12. Nd5 Rf8 13. Nxf6 gxf6 14. Qh5+ Ke7
15. Bxh6 Rh8 16. Qg6 Bf7 17. Qg7 Rg8 18. Qh7 Nd4 19. c3 Ne6 20. f4 Rg3 21. Kh2
Rxd3 22. fxe5 dxe5 23. Qf5 Nf4 24. Bxf4 exf4 25. Qxc5+ Rd6 26. Rxf4 b6 27. Qf2
Rd2 28. Qf3 Rxb2 29. Rf1 Qd2 30. Rxf6 Bc4 31. Rf2 Be2 32. Rf7+ Kd6 33. Qf6+ Kc5
34. Rf5+ Kc4 35. Rxc7+ Kd3 36. Rd5+ Ke3 37. Rxd2 Rxd2 38. Qg5+ {Black resigns}
1-0

[Event "Team 45 45 League T43"]
[Site "Internet Chess Club"]
[Date "2009.11.08"]
[Round "2"]
[White "WzeroMN"]
[Black "Check101"]
[Result "0-1"]
[WhiteElo "1190"]
[BlackElo "1170"]
[Opening "Petrov's defense"]
[ECO "C42"]
[Time "18:41:26"]
[TimeControl "2700+45"]

1. e4 e5 2. Nf3 Nf6 3. d3 Nc6 4. Bg5 Be7 5. Be2 O-O 6. O-O d6 7. Nc3 Be6 8. a3
d5 9. Bxf6 Bxf6 10. exd5 Bxd5 11. Nxd5 Qxd5 12. c4 Qd6 13. Rc1 Rfe8 14. Nd2 Bg5
15. Ne4 Qh6 16. Nxg5 Qxg5 17. Bg4 Rad8 18. Bh3 f5 19. Rc2 e4 20. Qd2 Qg6 21. Rc3
Ne5 22. d4 Nf3+ {White resigns} 0-1

[Event "Team 45 45 League T43"]
[Site "Internet Chess Club"]
[Date "2009.11.08"]
[Round "2"]
[White "blackjack721"]
[Black "Matthew1814"]
[Result "0-1"]
[WhiteElo "1659"]
[BlackElo "1862"]
[Opening "Scandinavian (center counter) defense"]
[ECO "B01"]
[Time "14:06:17"]
[TimeControl "2700+45"]

1. e4 d5 2. exd5 Qxd5 3. c4 Qa5 4. Nc3 Nf6 5. d4 Bf5 6. Qa4+ Qxa4 7. Nxa4 Nc6 8.
Be3 Nb4 9. Rc1 Nxa2 10. Ra1 Nb4 11. Rc1 Nc2+ 12. Kd2 Nb4 13. Nc5 Ne4+ 14. Nxe4
Bxe4 15. f3 Bg6 16. Nh3 e5 17. d5 a5 18. Be2 Be7 19. Nf2 f5 20. g3 O-O 21. Rhd1
f4 22. gxf4 Na2 23. Ra1 Bb4# {White checkmated} 0-1

[Event "Team 45 45 League T43"]
[Site "Internet Chess Club"]
[Date "2009.11.06"]
[Round "2"]
[White "kidviper"]
[Black "Kallistos"]
[Result "0-1"]
[WhiteElo "1844"]
[BlackElo "1680"]
[Opening "Scandinavian (center counter) defense"]
[ECO "B01"]
[Time "13:43:43"]
[TimeControl "2700+45"]

1. e4 d5 2. exd5 Qxd5 3. Nc3 Qa5 4. d4 Nf6 5. Bd2 c6 6. Nf3 Bf5 7. Ne4 Qd8 8.
Nxf6+ exf6 9. Bc4 Bd6 10. O-O O-O 11. c3 Nd7 12. Re1 Re8 13. Qb3 Rxe1+ 14. Rxe1
Qc7 15. Bxf7+ Kh8 16. Be6 Bxe6 17. Qxe6 Nf8 18. Qe4 Qa5 19. a3 Qb5 20. Qc2 Qh5
21. c4 Qf7 22. h3 Ng6 23. Bb4 Bxb4 24. axb4 Rd8 25. b3 Qf8 26. Qc3 a6 27. Re4
Qd6 28. Qe1 Kg8 29. Re8+ Kf7 30. Rxd8 Qxd8 31. g3 Qd6 32. Kg2 Ne7 33. Qc3 h5 34.
h4 Nf5 35. c5 Qe6 36. Qc4 Ne7 37. Nd2 Nd5 38. Nf3 Qe4 39. Qc1 Qd3 40. Qc4 Qxc4
41. bxc4 Nxb4 42. Nd2 a5 43. Kf3 a4 44. Ke2 Kg6 45. f3 Kf5 46. Kd1 g5 47. Ne4
gxh4 48. gxh4 Nd3 49. Ng3+ Kg6 50. Kc2 Ne1+ 51. Kb2 Nxf3 52. d5 Ne5 53. Kc3 a3
54. Kb3 Nd3 55. Kxa3 f5 56. d6 Nxc5 57. Kb4 b6 58. Ne2 Kf6 59. Nf4 Ke5 60. Nxh5
f4 61. Kc3 Ne4+ 62. Kd3 Nxd6 63. Ng7 Nf5 64. Nxf5 Kxf5 65. h5 b5 66. h6 bxc4+
67. Kxc4 Kg6 68. h7 Kxh7 69. Kd4 Kh6 70. Ke4 Kg5 71. Kf3 c5 72. Kf2 c4 73. Kf3
c3 74. Ke2 Kg4 75. Kd3 Kf3 76. Kxc3 Ke2 77. Kd4 f3 78. Ke4 f2 79. Kd4 f1=Q 80.
Ke4 Qf3+ 81. Kd4 Qe3+ 82. Kd5 Kd3 83. Kd6 Qe4 84. Kc5 Qd4+ 85. Kc6 Kc4 86. Kc7
Qd5 87. Kb6 Qc5+ 88. Kb7 Kb5 89. Ka8 Qe7 90. Kb8 Kb6 91. Ka8 Qb7# {White
checkmated} 0-1

[Event "Team 45 45 League T43"]
[Site "Internet Chess Club"]
[Date "2009.11.07"]
[Round "2"]
[White "jacknor"]
[Black "kidcobra"]
[Result "1-0"]
[WhiteElo "1597"]
[BlackElo "1594"]
[Opening "French: King's Indian attack"]
[ECO "C00"]
[Time "13:08:42"]
[TimeControl "2700+45"]

1. e4 e6 2. d3 d5 3. Qe2 Nf6 4. g3 Be7 5. Bg2 O-O 6. Bf4 Nc6 7. e5 Nd7 8. Nf3
Bb4+ 9. c3 Ba5 10. O-O h6 11. b4 Bb6 12. d4 Re8 13. a4 a6 14. Nbd2 Nf8 15. h4
Ng6 16. Be3 Bd7 17. h5 Nge7 18. g4 Nc8 19. g5 hxg5 20. Bxg5 f6 21. exf6 gxf6 22.
Bh4 Qe7 23. Ne5 Qg7 24. Nxd7 Qxd7 25. Bxf6 Qf7 26. Qg4+ Kf8 27. Qg5 Rd8 28. Bxd8
Nd6 29. Bf6 Ke8 30. h6 Kd7 31. Qg7 Qxg7 32. Bxg7 Nf5 33. Nf3 Nxg7 34. hxg7 Rg8
35. Rae1 Rxg7 36. Ne5+ Nxe5 37. Rxe5 c5 38. Rfe1 Rh7 39. Rxe6 Bc7 40. Bxd5 Rg7+
41. Kf1 Rg5 42. Bxb7 Rh5 43. Re7+ Kd8 44. Re8+ Kd7 45. R1e7+ Kd6 46. dxc5+ Rxc5
47. bxc5+ Kxc5 48. Rxc7+ Kb6 49. Ree7 a5 50. f4 Ka7 51. f5 Kb6 52. f6 Ka7 53. f7
Kb6 54. f8=Q Ka7 55. Bf3+ Kb6 56. Qf6# {Black checkmated} 1-0

[Event "Team 45 45 League T43"]
[Site "Internet Chess Club"]
[Date "2009.11.08"]
[Round "2"]
[White "MateIn42"]
[Black "werty"]
[Result "1-0"]
[WhiteElo "1383"]
[BlackElo "1502"]
[Opening "French: Rubinstein variation"]
[ECO "C10"]
[Time "14:31:58"]
[TimeControl "2700+45"]

1. e4 e6 2. d4 d5 3. Nc3 dxe4 4. Nxe4 Nd7 5. Nf3 Ngf6 6. Bd3 Nxe4 7. Bxe4 Nf6 8.
Bg5 Be7 9. Qe2 Nxe4 10. Bxe7 Qxe7 11. Qxe4 Qb4+ 12. c3 Qxb2 13. O-O c6 14. Rfc1
Qb5 15. Rab1 Qd5 16. Qxd5 exd5 17. Re1+ Kf8 18. Re3 Rb8 19. Rbe1 Be6 20. Ng5 Re8
21. f4 Bd7 22. Re5 f6 23. Rxe8+ Bxe8 24. Ne6+ Kf7 25. Nd8+ Kg6 26. Nxb7 Bf7 27.
Nd6 Rd8 28. f5+ Kh5 29. Nxf7 Rd7 30. Ne5 fxe5 31. dxe5 Kg5 32. e6 Re7 33. Rf1
Kf6 34. g4 g6 35. g5+ Kxg5 36. f6 {Black resigns} 1-0

[Event "Team 45 45 League T43"]
[Site "Internet Chess Club"]
[Date "2009.11.09"]
[Round "2"]
[White "rubo"]
[Black "SleepyEyes"]
[Result "1-0"]
[WhiteElo "1728"]
[BlackElo "1733"]
[Opening "Bird's opening"]
[ECO "A03"]
[Time "22:04:29"]
[TimeControl "2700+45"]

1. f4 d5 2. Nf3 Nf6 3. e3 Bf5 4. Be2 e6 5. b3 Be7 6. Bb2 O-O 7. O-O c5 8. Ne5 h6
9. d3 Nc6 10. Nxc6 bxc6 11. Nd2 Qc7 12. Nf3 Ng4 13. Qc1 Rad8 14. h3 Nf6 15. Ne5
d4 16. e4 Bh7 17. c3 dxc3 18. Qxc3 Qb6 19. Rf2 c4 20. Nxc4 Qc7 21. Ne5 c5 22.
Nc4 Ne8 23. Rd1 f5 24. e5 Qb8 25. Bf3 Nc7 26. Nd6 Bxd6 27. exd6 Ne8 28. Qxc5
Nxd6 29. Qe5 Rf7 30. Qxe6 Kh8 31. Be5 Bg8 32. Qxh6+ Bh7 33. Bh5 Rfd7 34. Bg6 Kg8
35. Qxh7+ Kf8 36. Qh8+ Ke7 37. Qxg7+ Ke6 38. Qf6+ Kd5 39. Bxf5 Rf7 40. Be4+ Kc5
41. Bxd6+ Rxd6 42. Qxf7 Qb4 {Black resigns} 1-0